[Event "Late-Titled-Tuesday-Blitz-March-12-2024"]
[Site "Chess.com"]
[Date "2024.03.12"]
[Round "2"]
[White "santosalberto1987"]
[Black "scrambleyourbrain"]
[Result "0-1"]
[WhiteElo "2555"]
[BlackElo "2396"]
[TimeControl "180+1"]
[EndTime "14:18:12 PDT"]
[Termination "scrambleyourbrain won by resignation"]

1. e4 e5 2. Nf3 Nc6 3. Bc4 Bc5 4.
O-O Nf6 5. d4 exd4 6. e5 d5 7.
exf6 dxc4 8. fxg7 Rg8 9. Re1+ Be6 10. Nbd2 Qd5 11. Ne4 Be7 12. Bg5 Bxg5 13. Nfxg5 O-O-O 14. Nxe6 Qxe6 15. Ng3 Qg6 16. Nh5 Rd5 17. Nf4 Qxg7 18. Qf3 Rd6 19. g3 Kb8 20. Re4 Ne5 21. Qh5 Ng6 22. Rae1 a6 23. Re8+ Rd8 24. Rxd8+ Rxd8 25. Qg5 Qf8 26. Nh5 d3 27. cxd3 cxd3 28. Nf6 Qd6 29. Rd1 Ne5 30. Qf4 Ka8 31. Nxh7 Qd5 32. Nf6 Nf3+ 33.
Kh1 Qc6 34. Ne4 Nd4 35. Rxd3 f5 36. f3 fxe4 37. fxe4 Qc4 38. Qd2 c5 39. Kg2 Qe6 40.
Qe3 Re8 41. Qf4 Qxa2 42. Rd2 Qe6 43. b4 Qxe4+ 44. Qxe4 Rxe4 45. bxc5 Re2+ 46. Rxe2 Nxe2 47. h4 Nd4 48. h5 Ne6 49. g4 Ng5 50. Kg3 a5 51.
Kf4 Nh7 52. g5 a4 53. g6 Nf6 54. Kg5 a3 55. Kxf6 a2 56. g7 a1=Q+ 57. Kf7 Qa2+ 58.
Kf8 Qf2+ 59. Ke8 Qe3+ 60. Kf8 Qxc5+ 61. Kf7 Qxh5+ 62. Kf8 Qh6 0-1

[Event "Late-Titled-Tuesday-Blitz-March-12-2024"]
[Site "Chess.com"]
[Date "2024.03.12"]
[Round "2"]
[White "IlyaGrigorjev"]
[Black "ncofre98"]
[Result "1-0"]
[WhiteElo "2927"]
[BlackElo "2613"]
[TimeControl "180+1"]
[EndTime "14:18:13 PDT"]
[Termination "IlyaGrigorjev won by checkmate"]

1. e4 c5 2. Nf3 d6 3. d4 cxd4 4. Nxd4 Nf6 5. Nc3 g6 6. Be3 Bg7 7. f3 O-O 8. Qd2 Nc6 9. O-O-O d5 10. Kb1 Nxd4 11. e5 Nf5 12. exf6 exf6 13. Nxd5 Nxe3 14.
Qxe3 Be6 15. Bc4 f5 16. c3 Qh4 17. Bb3 Rfe8 18. Nc7 Bxb3 19. Nxe8 Bxd1 20. Rxd1 Qa4 21. Re1 Bh8 22. Qe7 Qc6 23. Nd6 Rf8 24. g4 Qxf3 25.
gxf5 b5 26. fxg6 hxg6 27. a3 a5 28. Qe4 Qf2 29. Nxb5 Qxh2 30. a4 Bf6 31. Rf1 Bg7 32. Rh1 Qg3 33. Ka2 Qg5 34. Nd6 Qf6 35. Nc4 Qd8 36. Qh4 Qxh4 37. Rxh4 f5 38. Nxa5 f4 39.
Nc4 f3 40. Nd2 f2 41. Rh1 Bf6 42. a5 Bg5 43. Nf1 Rf5 44. b4 Be7 45. Kb3 Bd8 46. c4 Bxa5 47. bxa5 Rxa5 48. Rh2 Rf5 49. Kb4 Kf7 50.
c5 Ke7 51. Kb5 Kd8 52. Kb6 Kc8 53. c6 Rf8 54. Rg2 Rf6 55. Rg5 Kb8 56. Ra5 Re6 57. Rd5 Re8 58. Rd6 Rf8 59. Rxg6 Kc8 60. Rg7 Kb8 61.
Rb7+ Kc8 62. Ra7 Rd8 63. Ra8# 1-0

[Event "Late-Titled-Tuesday-Blitz-March-12-2024"]
[Site "Chess.com"]
[Date "2024.03.12"]
[Round "2"]
[White "wadsy27"]
[Black "Genghis_K"]
[Result "0-1"]
[WhiteElo "2623"]
[BlackElo "2933"]
[TimeControl "180+1"]
[EndTime "14:18:15 PDT"]
[Termination "Genghis_K won by resignation"]

1. Nf3 Nf6 2. g3 g6 3. Bg2 Bg7 4. c4 O-O 5. O-O d6 6. Nc3 Nc6 7.
Rb1 Bf5 8. d3 Qd7 9. b4 a6 10.
a4 Bh3 11. b5 axb5 12. axb5 Nd8 13. Bb2 Bxg2 14. Kxg2 e5 15. Ra1 Ne6 16. Qd2 Nc5 17. Rxa8 Rxa8 18. Ra1 Rxa1 19. Bxa1 e4 20. dxe4 Nfxe4 21. Nxe4 Nxe4 22. Qa2 Bxa1 23. Qa8+ Kg7 24. Qxa1+ f6 25.
Qa8 Nc5 26. Nd4 Qf7 27. Qd8 b6 28. h4 h5 29. e3 Kh7 30. Qc8 Kg7 31. Nc6 Ne6 32.
Nb4 g5 33. Nd5 gxh4 34. gxh4 Qg6+ 35. Kh2 Qg4 36. Qd7+ Kh6 37. Nxc7 Qxh4+ 38. Kg1 Qg4+ 39. Kf1 Qxc4+ 40. Kg1 Nxc7 41. Qxd6 Kg6 42. Qxb6 Nxb5 43.
Qb8 Qg4+ 44. Kh1 Qf3+ 45. Kg1 Qd1+ 46. Kg2 Qd5+ 47. Kg1 Nd6 48. Qh8 Qg5+ 49. Kf1 Qb5+ 50. Kg1 Qd5 51. Kf1 Ne4 52. Qe8+ Kg5 53. Qe7 Qd1+ 54.
Kg2 Qg4+ 55. Kf1 Qf3 56. Qg7+ Kh4 57. Qg1 Qd1+ 58. Kg2 Qg4+ 59. Kh2 Qxg1+ 60. Kxg1 Kg4 61. Kg2 Ng5 62. Kg1 Kf3 0-1

[Event "Late-Titled-Tuesday-Blitz-March-12-2024"]
[Site "Chess.com"]
[Date "2024.03.12"]
[Round "2"]
[White "Goryachkina"]
[Black "BilodeauA"]
[Result "0-1"]
[WhiteElo "2680"]
[BlackElo "3009"]
[TimeControl "180+1"]
[EndTime "14:18:19 PDT"]
[Termination "BilodeauA won on time"]

1. e4 e5 2. Nf3 Nc6 3. Nc3 f6 4. d4 Bb4 5. Bc4 d6 6. h3 Bxc3+ 7. bxc3 Nge7 8. O-O Na5 9. Bb3 c5 10. Bd5 Nxd5 11. exd5 O-O 12. Re1 b6 13. Nh4 Qd7 14. Qf3 Qf7 15. Qg3 Bd7 16. dxe5 fxe5 17. Bg5 Rae8 18.
Rad1 Bf5 19. Re2 Qd7 20. Nxf5 Qxf5 21. Rd3 Qg6 22. h4 h6 23. Bc1 Qxg3 24. Rxg3 Kh7 25. Rg4 Rf5 26. Ra4 Ref8 27. c4 Rh5 28. g3 Rf3 29.
Bd2 g5 30. hxg5 hxg5 31. Bxa5 bxa5 32. Rxa5 Rf7 33. Ra6 Rh6 34. Re4 Rd7 35. Re3 Rb7 36. Rb3 Rf7 37. Rba3 Rff6 38. Rxa7+ Kg6 39. R7a6 Kf5 40.
Kg2 Ke4 41. Rd3 g4 42. Raa3 Rh5 43. Re3+ Kd4 44. Rac3 Rfh6 45. Kf1 Rh1+ 46. Ke2 Ra1 47. Red3+ Ke4 48. Re3+ Kf5 49. Ra3 Rhh1 50. Ra8 Rad1 51. Rf8+ Kg5 52. f4+ Kg6 53. Rg8+ Kf7 54. Rxg4 e4 55.
Rxe4 Rhe1+ 56. Kf3 Rf1+ 57. Ke2 Rde1+ 58. Kd3 Rf3+ 59. Kd2 Rxe4 0-1

[Event "Late-Titled-Tuesday-Blitz-March-12-2024"]
[Site "Chess.com"]
[Date "2024.03.12"]
[Round "2"]
[White "slorovel"]
[Black "Zampronha1971"]
[Result "1/2-1/2"]
[WhiteElo "2537"]
[BlackElo "2322"]
[TimeControl "180+1"]
[EndTime "14:18:32 PDT"]
[Termination "Game drawn by repetition"]

1. g3 Nf6 2. Bg2 e6 3. e4 d5 4.
exd5 exd5 5. Ne2 Bd6 6. O-O O-O 7. b3 c5 8. Bb2 Nc6 9. d4 Bg4 10. dxc5 Bxc5 11. h3 Bh5 12. g4 Bg6 13. Nf4 Re8 14. Nc3 Nb4 15. Nxg6 hxg6 16. a3 d4 17. axb4 dxc3 18. Bxc3 Bb6 19. Bxb7 Qc7 20. Bxa8 Qxc3 21. Bg2 Qxb4 22. Ra4 Qc3 23. Qd3 Qe5 24. c4 Bc7 25. f4 Qc5+ 26. Kh1 Re3 27. b4 Qe7 28. Qd4 Re1 29. Ra1 Rxa1 30. Rxa1 Qxb4 31. Rxa7 Bb6 32. Ra8+ Kh7 33. Qd3 Qe1+ 34. Qf1 Qg3 35. Ra1 Bf2 36. Ra2 Bc5 37. Re2 g5 38. Qf3 Qh4 39. fxg5 Qxg5 40. Qf5+ Qxf5 41. gxf5 Nh5 42. Re8 Ng3+ 43. Kh2 Bd6 44. Bf3 Nxf5+ 45. Kg2 Kh6 46. Kf2 Kg5 47.
Ke2 Nd4+ 48. Kf2 Bc5 49. Bd5 f5 50. Kg2 f4 51. Rc8 Bd6 52. c5 Be5 53. c6 Nf5 54. Bf3 Ne3+ 55. Kf2 Bd4 56. c7 Nd5+ 57. Ke2 Nxc7 58.
Rxc7 Be5 59. Bg4 Kf6 60. Kf3 Bxc7 61. Ke4 Kg5 62. Kf3 Kh4 63. Bc8 g5 64. Bg4 Bb6 65. Bc8 Bg1 66. Bg4 Bh2 67. Kg2 Bg3 68. Kf3 Bh2 69. Kf2 Bg3+ 70. Kg2 Be1 71. Bc8 Bd2 72.
Bg4 Be3 73. Kf3 Bc1 74. Ke2 Be3 75. Kf3 Bc1 76. Ke2 Be3 77. Kf3 1/2-1/2

[Event "Late-Titled-Tuesday-Blitz-March-12-2024"]
[Site "Chess.com"]
[Date "2024.03.12"]
[Round "2"]
[White "AlexPapasimakopoulos"]
[Black "Quattroporte300"]
[Result "1/2-1/2"]
[WhiteElo "2699"]
[BlackElo "2483"]
[TimeControl "180+1"]
[EndTime "14:18:35 PDT"]
[Termination "Game drawn - insufficient material"]

1. d4 d5 2. c4 dxc4 3. Nf3 Nf6 4. e3 Bg4 5. Nbd2 e6 6. Nxc4 Nbd7 7. Be2 Be7 8. O-O O-O 9. h3 Bh5 10. b3 c5 11. Bb2 cxd4 12. Nxd4 Bxe2 13. Qxe2 Bc5 14. Rfd1 Qe7 15. Nb5 Rfd8 16. Nbd6 Nb6 17. Be5 Nxc4 18. Nxc4 Rd5 19. Rac1 Rad8 20. Rxd5 exd5 21. Bxf6 Qxf6 22. Na5 Ba3 23. Rd1 b6 24. Nb7 Rd7 25. Qa6 Bf8 26. Qxa7 Qe7 27. Qxb6 Rxb7 28. Qd4 Rd7 29. e4 Qc5 30.
exd5 Qxd4 31. Rxd4 Bc5 32. Rd2 Kf8 33. Kf1 Ke7 34.
Ke2 Kd6 35. Kd3 Kxd5 36. Kc3+ Kc6 37. Rc2 Kb6 38. b4 Bd4+ 39. Kb3 Re7 40. a4 Re1 41. Rd2 Bf6 42. a5+ Kc7 43. Rc2+ Kb7 44. b5 Rb1+ 45.
Kc4 Rb2 46. Rxb2 Bxb2 47. Kc5 Ba3+ 48. Kd5 Bb4 49. a6+ Kb6 50. f3 Bd2 51. Kd6 Be3 52.
Ke7 f5 53. Kf7 g5 54. Kf6 Kxb5 55. a7 Bxa7 56. Kxg5 Kc6 57. Kxf5 Kd7 58. Kf6 Bd4+ 59. Kf7 Be3 60. Kf6 h6 61. h4 Kd6 62. g4 Kd7 63. Kf5 Ke7 64. Kg6 Ke6 65. g5 hxg5 66. hxg5 Ke5 67. Kh5 Kf5 68. g6 Bd4 69. Kh6 Kf4 70.
g7 Bxg7+ 71. Kxg7 Kxf3 1/2-1/2

[Event "Late-Titled-Tuesday-Blitz-March-12-2024"]
[Site "Chess.com"]
[Date "2024.03.12"]
[Round "2"]
[White "mbojan"]
[Black "YoreDea"]
[Result "1-0"]
[WhiteElo "2881"]
[BlackElo "2601"]
[TimeControl "180+1"]
[EndTime "14:18:36 PDT"]
[Termination "mbojan won by resignation"]

1. a3 e5 2. e3 d5 3. d4 exd4 4. exd4 Nf6 5. Bd3 Bd6 6. Ne2 h6 7. O-O O-O 8. Nbc3 c6 9. Bf4 Bg4 10. f3 Bh5 11. Qd2 Bg6 12. Bxg6 fxg6 13. Rae1 Na6 14. Bxd6 Qxd6 15. Nf4 g5 16. Ng6 Rfe8 17. Ne5 Nc7 18. Nd1 Ne6 19. c3 Nf4 20. Ne3 Nd7 21.
Nf5 Qe6 22. Nxd7 Qxd7 23. Ne3 Re7 24. g3 Ng6 25. Qd3 Nf8 26. Ng4 Rxe1 27. Rxe1 Re8 28. Ne5 Qd6 29. Rf1 Nd7 30. f4 gxf4 31. gxf4 Nxe5 32.
fxe5 Qe6 33. Qf3 Qe7 34. Qf5 Rf8 35. Qg4 Rxf1+ 36. Kxf1 Kh7 37. Qf5+ g6 38. Qg4 Kg7 39. Kg2 Qf7 40. h4 a6 41. a4 Kh7 42. a5 Kg7 43.
Qc8 Kh7 44. e6 Qf5 45. Qxb7+ Kh8 46. Qc8+ Kh7 47. Qc7+ Kh8 48. Qd8+ Kh7 49. Qd7+ Kh8 50. Qe8+ Kg7 51. Qe7+ Kg8 52. Qd8+ Kh7 53. Qd7+ Kh8 54. Qf7 Qxf7 55. exf7 Kg7 56. Kf3 Kxf7 57. Kf4 Ke6 58. b3 Kd6 59. h5 g5+ 60. Kf5 c5 61. dxc5+ Kxc5 62. b4+ Kc4 63. Ke5 Kb5 64. Kxd5 g4 65.
Ke4 Kc4 66. Kf4 Kxc3 67. b5 axb5 68. a6 b4 69. a7 b3 70. a8=Q b2 71. Qe4 g3 72. Qb1 g2 73. Kf3 Kd2 74. Kxg2 1-0

[Event "Late-Titled-Tuesday-Blitz-March-12-2024"]
[Site "Chess.com"]
[Date "2024.03.12"]
[Round "2"]
[White "Slovak_fighter2000"]
[Black "scarabee43"]
[Result "1-0"]
[WhiteElo "2609"]
[BlackElo "2850"]
[TimeControl "180+1"]
[EndTime "14:18:43 PDT"]
[Termination "Slovak_fighter2000 won by resignation"]

1. d4 Nf6 2. Nf3 d5 3. c4 e6 4.
Nc3 Be7 5. g3 O-O 6. Bg2 b6 7.
Ne5 Bb7 8. Qa4 Qc8 9. cxd5 exd5 10. Bf4 Qe6 11. O-O Rc8 12. Rac1 Nbd7 13. Nxd7 Nxd7 14.
Nb5 Bc6 15. Qb3 Bxb5 16. Qxb5 c6 17. Qd3 Bd6 18. Bd2 Nf6 19. e3 Ne4 20. Rc2 Rc7 21.
Rfc1 Rac8 22. Be1 h5 23. b4 h4 24. a3 h3 25. Bf3 Qf5 26. Be2 Qf6 27. Bg4 Ng5 28. f4 Ne6 29. Bxh3 Bf8 30. Bg2 c5 31.
bxc5 bxc5 32. Bxd5 cxd4 33. Rxc7 Rxc7 34. Rxc7 Nxc7 35.
Bf3 dxe3 36. Qxe3 Qa1 37. Kg2 Ne6 38. Bb4 Qa2+ 39. Qf2 Qa1 40. Bxf8 Nxf8 41. Qxa7 Qb2+ 42. Kh3 Qb3 43. Bg2 Qe6+ 44. g4 Ng6 45. Qf2 Qb3+ 46. Qf3 Nxf4+ 47. Kg3 Ne2+ 48. Kf2 Qxf3+ 49. Bxf3 Nd4 50.
Be2 Kf8 51. a4 Ke7 52. a5 Kd6 53. Bf1 Kc5 54. a6 Kb6 55. Ke3 Nc6 56. Bc4 Ne5 57. Be2 Nxg4+ 58. Bxg4 Kxa6 59. Ke4 Kb6 60. Ke5 Kc7 61.
Bh5 Kd7 62. Bxf7 Ke7 63. Bd5 g5 64. Kf5 Kf8 65. Kg6 g4 66. Be6 Ke7 67. Bb3 Kf8 68. Kf6 Ke8 69. Kg7 Ke7 70. Bd1 1-0

[Event "Late-Titled-Tuesday-Blitz-March-12-2024"]
[Site "Chess.com"]
[Date "2024.03.12"]
[Round "2"]
[White "ArtemDyachuk"]
[Black "vi_pranav"]
[Result "1/2-1/2"]
[WhiteElo "2698"]
[BlackElo "3041"]
[TimeControl "180+1"]
[EndTime "14:18:44 PDT"]
[Termination "Game drawn - insufficient material"]

1. d4 Nf6 2. c4 e6 3. Nf3 b6 4.
g3 Bb7 5. Bg2 Be7 6. O-O O-O 7.
d5 Na6 8. Nc3 Bb4 9. Nd4 Bxc3 10.
bxc3 Nc5 11. Re1 exd5 12. Nf5 dxc4 13. Bxb7 Nxb7 14. Qd4 Re8 15. Bg5 Nc5 16. Nh6+ Kf8 17. Ng4 Nce4 18. Nxf6 Nxf6 19. e4 d6 20. Qxc4 Rc8 21.
Rad1 h6 22. Bf4 d5 23. Qa4 Rxe4 24. Rxe4 Nxe4 25. Qc6 Nf6 26. c4 Qd7 27. cxd5 Rd8 28. Qxc7 Qxc7 29. Bxc7 Rxd5 30. Bd6+ Ke8 31. Re1+ Kd7 32.
Bf8 Ra5 33. Re7+ Kc6 34. Rxf7 Rxa2 35. Bxg7 Ne4 36. Bxh6 b5 37. h4 b4 38. Bg7 b3 39. h5 b2 40. Bxb2 Rxb2 41. Rxa7 Nxf2 42. h6 Nh3+ 43. Kh1 Ng5 44. h7 Rb1+ 45. Kg2 Rb2+ 46.
Kf1 Rb8 47. Rg7 Rf8+ 48. Kg2 Rh8 49. Rxg5 Rxh7 50. Rf5 Kd6 51. g4 Ke6 52. Rf2 Rf7 53. Ra2 Kf6 54. Kg3 Kg5 55. Ra5+ Kg6 56. Ra6+ Kg7 57.
Ra5 Rb7 58. Rg5+ Kf7 59. Rf5+ Kg7 60. Rf3 Kg6 61. Rf5 Rb6 62. Rf3 Rc6 63. Kh3 Rb6 64. Kh4 Rc6 65. g5 Rc4+ 66. Kh3 Kxg5 67. Rg3+ Kf5 68. Rf3+ Kg5 69. Rg3+ Kh5 70. Rf3 Rh4+ 71. Kg3 Kg5 72. Kf2 Rf4 73. Rxf4 Kxf4 1/2-1/2

[Event "Late-Titled-Tuesday-Blitz-March-12-2024"]
[Site "Chess.com"]
[Date "2024.03.12"]
[Round "2"]
[White "Hrant_ChessMood"]
[Black "JaloliddinIlkhomi"]
[Result "1-0"]
[WhiteElo "2987"]
[BlackElo "2656"]
[TimeControl "180+1"]
[EndTime "14:18:45 PDT"]
[Termination "Hrant_ChessMood won by resignation"]

1. c4 Nf6 2. g3 e6 3. Bg2 d5 4. Nf3 b6 5. cxd5 exd5 6. d4 Bb7 7. Nc3 Bd6 8. O-O a6 9. Bf4 Bxf4 10. gxf4 O-O 11. e3 Nbd7 12. b4 Qe7 13. Qb3 Rab8 14. Rfc1 c5 15. bxc5 bxc5 16. Qa3 Rfc8 17. Na4 Ne4 18.
Nxc5 Ndxc5 19. dxc5 Rxc5 20. Rxc5 Qxc5 21. Qxc5 Nxc5 22. Rb1 Rc8 23. Nd4 Ba8 24. Bh3 Rd8 25. Rb6 Kf8 26. Bf1 Bb7 27. a4 Rd7 28. a5 g6 29. h4 Ke7 30. h5 Rd6 31. Rb1 Rd7 32. Rb6 Rd6 33. Rb4 Rd7 34. h6 Kd6 35. Bh3 f5 36.
Rb6+ Ke7 37. Bf1 Rd6 38. Rb4 Rd7 39. Nf3 d4 40. Nxd4 Ne6 41. Nxe6 Kxe6 42. Rb6+ Ke7 43. Kh2 Be4 44. Bg2 Bd3 45. Bb7 Rc7 46. Bxa6 Be4 47. Bf1 Rc1 48. Bg2 Bd3 49. Rb7+ Kf6 50. Rxh7 Rc8 51.
Rd7 Bb5 52. Rd6+ Kf7 53. Rb6 Bc4 54. Rc6 Rxc6 55. Bxc6 Ba6 56. Bd5+ Kf6 57. Kg2 g5 58. fxg5+ Kg6 59. f4 Kh7 60. Kg3 Kg6 61. Kh4 Bc8 62. Bc6 Ba6 63. Be8+ Kh7 64. Bh5 Bb5 65. Bd1 Ba6 66. Bc2 Kg6 67. Bxf5+ Kf7 68. g6+ Kg8 69. g7 Bc4 70. a6 1-0

[Event "Late-Titled-Tuesday-Blitz-March-12-2024"]
[Site "Chess.com"]
[Date "2024.03.12"]
[Round "2"]
[White "MikaelyanArman"]
[Black "EsmeraldasAnderson03"]
[Result "1-0"]
[WhiteElo "2828"]
[BlackElo "2574"]
[TimeControl "180+1"]
[EndTime "14:18:50 PDT"]
[Termination "MikaelyanArman won by resignation"]

1. Nf3 d5 2. b3 Bf5 3. Bb2 Nf6 4. e3 h6 5. c4 e6 6. Be2 Bh7 7. O-O Be7 8. d3 O-O 9. Nbd2 c6 10. a3 Nbd7 11.
b4 Re8 12. cxd5 cxd5 13. Rc1 Rc8 14. Qb3 Rxc1 15. Rxc1 Qb8 16. Qc2 Bd6 17. h3 e5 18.
e4 Nb6 19. exd5 Nfxd5 20. Ne4 Bf8 21. Bf1 Rc8 22. Qb3 Rxc1 23. Bxc1 Nf4 24. g3 Ne6 25. Be3 Nd7 26. h4 b6 27. Bh3 Bxe4 28. dxe4 Qd6 29. Qd5 Nf6 30. Qxd6 Bxd6 31. Bxe6 fxe6 32. Nd2 Kf7 33.
f3 Ke7 34. Nc4 Kd7 35. b5 Bc7 36. a4 Ke7 37. Kf2 Nd7 38. Ke2 Nc5 39. Bxc5+ bxc5 40. h5 Kf6 41. a5 Ke7 42. Kf2 Kd7 43. Kg2 Ke7 44. Kh3 Kd7 45. Kg4 Ke7 46. Kh3 Kd7 47. Kg2 Ke7 48. Kf1 Kd7 49. Ke2 Ke7 50. Kd3 Kd7 51. Kc3 Ke7 52. Kb3 Kd7 53. Ka4 Bb8 54. Ne3 Bc7 55. Nc4 Bb8 56. a6 Kc8 57. Na5 Bc7 58.
Nc6 Bb6 59. Nxe5 Bc7 60. Nc6 Bxg3 61. Nxa7+ Kc7 62. Nc6 Kb6 63. Kb3 Bd6 64. Nd8 e5 65. Kc4 Be7 66. Ne6 Bd6 67. Nxg7 Ka7 68. Nf5 Bf8 69. Ne3 Kb6 70. Ng4 Bg7 71. Nf2 Bf8 72.
Nd1 Be7 73. Nc3 Bd8 74. Nd5+ Ka7 75. Kxc5 Bg5 76. Kc6 Bd8 77. Kd7 Ba5 78. Ke6 1-0

[Event "Late-Titled-Tuesday-Blitz-March-12-2024"]
[Site "Chess.com"]
[Date "2024.03.12"]
[Round "2"]
[White "Rud_Makarian"]
[Black "Kildepiotr"]
[Result "1-0"]
[WhiteElo "3054"]
[BlackElo "2691"]
[TimeControl "180+1"]
[EndTime "14:18:53 PDT"]
[Termination "Rud_Makarian won by resignation"]

1. d4 Nf6 2. c4 c5 3. d5 b5 4. cxb5 a6 5. e3 e6 6. dxe6 fxe6 7. Nc3 d5 8. Nf3 Bd6 9. bxa6 Bxa6 10. Bxa6 Nxa6 11.
e4 d4 12. e5 dxc3 13. exd6 cxb2 14. Bxb2 Qa5+ 15. Nd2 O-O 16. O-O Nb4 17. Nc4 Qa6 18.
Qe2 Rae8 19. Rfe1 Nbd5 20. g3 Nb6 21. Nxb6 Qxb6 22. Bxf6 Rxf6 23. Rad1 Rd8 24. d7 Qc6 25. Qc4 Rxd7 26. Rxd7 Qxd7 27. Qxc5 h6 28. Qe3 Qa4 29.
a3 Kf7 30. Rc1 Qa5 31. Rc5 Qb6 32. Qc3 Qb1+ 33. Qc1 Qxc1+ 34. Rxc1 Rf5 35. a4 Ra5 36. Ra1 Kf6 37. Kg2 Ke5 38. Kf3 Kd4 39. h4 h5 40. g4 hxg4+ 41. Kxg4 e5 42. h5 Kd3 43. Kg5 e4+ 44. Kg6 Ra7 45. a5 Ke2 46. Ra2+ Kf3 47. a6 Kf4 48. Ra3 Kg4 49. Ra4 Kf3 50. Ra2 Kf4 51. Ra5 Kg4 52. Rg5+ Kh4 53. Rf5 Kg4 54. Rf7 Rxa6+ 55. Kxg7 Kxh5 56. Rf4 Ra2 57. Kf6 Ra6+ 58. Ke5 Kg6 59. Kxe4 Ra4+ 60. Ke5 Ra5+ 61. Ke4 Ra4+ 62. Kf3 Ra3+ 63. Kg4 Ra6 64. Rc4 Rb6 65. f4 Kf6 66. Rc5 Rb1 67. Rc6+ Kf7 68. Kg5 Rb5+ 69. f5 Rb7 70. Rh6 Kg7 71. Ra6 Rf7 72. f6+ Kh7 73. Re6 Kg8 74. Re8+ Kh7 75. Re7 Kg8 76. Kg6 Rf8 77. Rg7+ Kh8 78. Rh7+ Kg8 79. f7+ 1-0

[Event "Late-Titled-Tuesday-Blitz-March-12-2024"]
[Site "Chess.com"]
[Date "2024.03.12"]
[Round "2"]
[White "GMKrikor"]
[Black "Rakitic2010"]
[Result "1-0"]
[WhiteElo "2876"]
[BlackElo "2599"]
[TimeControl "180+1"]
[EndTime "14:18:53 PDT"]
[Termination "GMKrikor won by resignation"]

1. Nf3 Nf6 2. c4 e6 3. Nc3 c5 4.
g3 b6 5. Bg2 Bb7 6. O-O Be7 7.
Re1 O-O 8. e4 d6 9. d4 cxd4 10.
Nxd4 Qc8 11. Be3 a6 12. Rc1 Nbd7 13. b4 Ne5 14. Na4 Nfd7 15. Qe2 Bf6 16. Red1 Qc7 17. a3 Rac8 18. Nb2 Qb8 19. f4 Nc6 20. Nb3 Rfd8 21. Na4 Ba8 22. Nc3 Ne7 23. Qd2 Nf8 24. Na4 Nd7 25. Qxd6 Qb7 26. Qd2 e5 27. f5 Nc6 28.
Qf2 a5 29. b5 Nd4 30. Nxd4 exd4 31. Bxd4 Ne5 32. Bxb6 Nd3 33. Qe3 Nxc1 34. Bxd8 Bxd8 35. Rxc1 h6 36. Bf3 Bg5 37. Qe1 Bxc1 38. Qxc1 Qxb5 39. cxb5 Rxc1+ 40. Kf2 Ra1 41. Nb6 Bb7 42. Nc4 a4 43.
Ke3 f6 44. Kd4 Rf1 45. Be2 Re1 46. Bd3 Kf8 47. Nb6 Ra1 48. Nxa4 Rxa3 49. Nc5 Bc8 50. b6 Ra2 51. b7 Bxb7 52. Nxb7 Rxh2 53. Ke3 Rg2 54.
Kf3 Rd2 55. Bc4 Rc2 56. Bd5 h5 57. Nd6 Rc3+ 58. Kf4 Ke7 59. Nb5 Rc1 60. Nd4 Rf1+ 61. Ke3 Re1+ 62. Kf2 Rb1 63. Ne6 Rb2+ 64. Kf3 Kd6 65.
Nxg7 Ke5 66. Nxh5 Rc2 67. Nf4 Rc3+ 68. Kg4 Re3 69. Ng6+ Kd4 70. Kf4 Re2 71. Nh4 Rf2+ 72. Nf3+ Kd3 73. g4 Rf1 74. e5 fxe5+ 75. Kxe5 Re1+ 76.
Nxe1+ Ke2 77. f6 Kf1 78. f7 Kf2 79. Nd3+ Kg1 80. Nf4 Kh2 81. f8=Q Kg1 82. Ne2+ Kh2 83. Qf2+ 1-0

[Event "Late-Titled-Tuesday-Blitz-March-12-2024"]
[Site "Chess.com"]
[Date "2024.03.12"]
[Round "2"]
[White "Anton_Demchenko"]
[Black "KChor05"]
[Result "1-0"]
[WhiteElo "2941"]
[BlackElo "2631"]
[TimeControl "180+1"]
[EndTime "14:18:55 PDT"]
[Termination "Anton_Demchenko won by resignation"]

1. e4 c5 2. Nf3 g6 3. Bc4 Bg7 4. c3 e6 5. O-O Ne7 6. d4 cxd4 7. Nxd4 O-O 8. Bg5 h6 9. Bh4 Nbc6 10. Na3 g5 11.
Bg3 d5 12. exd5 exd5 13. Bb3 Nxd4 14. cxd4 Nf5 15. Nc2 Be6 16. Be5 f6 17. Bg3 Nxg3 18. hxg3 Qd7 19. Re1 Kh8 20. Qd2 Rae8 21. Nb4 a5 22.
Nd3 b6 23. Re3 Bf5 24. Rae1 Re4 25. Nc1 Rfe8 26. Rxe4 dxe4 27. Qd1 Bg4 28. Ba4 Bxd1 29. Bxd7 Rd8 30. Be6 Rxd4 31. Ne2 Rd6 32. Bf5 Bc2 33. Nc3 Rd2 34. g4 e3 35. Rxe3 Bxf5 36. gxf5 Rxb2 37.
Re8+ Kh7 38. Rb8 h5 39. a4 Rb4 40. Nd5 Rxa4 41. Rxb6 Rd4 42. Nxf6+ Bxf6 43. Rxf6 a4 44. g3 Rd5 45. Ra6 Rxf5 46. Rxa4 Kg6 47. Kg2 g4 48. Ra6+ Kg5 49. Ra8 Rf6 50. Kf1 h4 51. Rg8+ Kf5 52. gxh4 Rh6 53. Rf8+ Kg6 54. Kg2 Rxh4 55. Kg3 Rh1 56. Kxg4 Rg1+ 57. Kf4 Rf1 58. f3 Rf2 59. Rb8 Rf1 60. Rb6+ Kf7 61. Kg4 Rg1+ 62.
Kf5 Ra1 63. Rb7+ Kf8 64. f4 Ra5+ 65. Kg4 Ra4 66. Kg5 Ra5+ 67. f5 Rc5 68. Kg6 Rc1 69. Rb8+ Ke7 70. f6+ Kd7 71. f7 Rg1+ 72. Kh5 Rh1+ 73.
Kg4 Rg1+ 74. Kh3 Rf1 75. f8=Q 1-0

[Event "Late-Titled-Tuesday-Blitz-March-12-2024"]
[Site "Chess.com"]
[Date "2024.03.12"]
[Round "2"]
[White "HajiyevKanan"]
[Black "KnightmareJoker"]
[Result "1-0"]
[WhiteElo "2531"]
[BlackElo "2261"]
[TimeControl "180+1"]
[EndTime "14:18:57 PDT"]
[Termination "HajiyevKanan won by checkmate"]

1. d4 d5 2. Nf3 Nf6 3. c4 e6 4. cxd5 exd5 5. Nc3 Be7 6. Qc2 c6 7. Bf4 O-O 8. e3 Nbd7 9. Bd3 Re8 10. O-O Nf8 11.
Rab1 a5 12. a3 Ng6 13. Bg3 Bd6 14. Bxd6 Qxd6 15. b4 axb4 16. axb4 Bg4 17. Be2 Ne4 18. b5 Ra3 19. Nxe4 dxe4 20. Ne1 Be6 21. bxc6 bxc6 22.
Qxe4 Qd7 23. Qc2 Ra2 24. Rb2 Bf5 25. Qc3 Rxb2 26. Qxb2 Bg4 27. Nd3 Bxe2 28. Qxe2 Qxd4 29. exd4 Rxe2 30. Rc1 h6 31. Nc5 Nf4 32. g3 Nh3+ 33. Kg2 Ng5 34. h4 Ne4 35. Kf3 Nxc5 36. Kxe2 Nb3 37.
Rc4 Na5 38. Rb4 Kf8 39. Kd3 Ke7 40. Rb7+ Nxb7 41. Kc4 Nd6+ 42. Kc5 Ne4+ 43. Kxc6 Nxf2 44. d5 Ne4 45. g4 Nd6 46. h5 Ne4 47. Kc7 f6 48.
Kc6 Nd6 49. Kc7 Ne8+ 50. Kc6 Nd6 51. Kc7 Nb5+ 52. Kc6 Nd4+ 53. Kc7 Kf7 54. d6 g6 55. hxg6+ Kxg6 56. d7 f5 57. Kd6 Nb5+ 58. Ke7 Na7 59. Kd6 Nb5+ 60. Kc6 Nd4+ 61. Kd5 Ne2 62. gxf5+ Kxf5 63.
d8=Q Nf4+ 64. Kd6 h5 65. Qh4 Ng6 66. Qxh5+ Kf6 67. Qh6 Kf5 68. Qh7 Kf6 69. Kc5 Kf5 70.
Qf7+ Kg5 71. Kd4 Nf4 72. Ke4 Ng6 73. Qf5+ Kh6 74. Qf6 Kh7 75. Kf5 Nf8 76. Qf7+ Kh8 77. Qxf8+ Kh7 78. Qf7+ Kh6 79. Qg6# 1-0

[Event "Late-Titled-Tuesday-Blitz-March-12-2024"]
[Site "Chess.com"]
[Date "2024.03.12"]
[Round "2"]
[White "Zapateado"]
[Black "andrew-blr"]
[Result "0-1"]
[WhiteElo "2369"]
[BlackElo "2642"]
[TimeControl "180+1"]
[EndTime "14:19:03 PDT"]
[Termination "andrew-blr won by resignation"]

1. c4 e5 2. g3 c6 3. Bg2 d5 4.
cxd5 cxd5 5. d4 e4 6. Nc3 Ne7 7. Bg5 f6 8. Bc1 Nbc6 9. e3 Be6 10. Nge2 Qd7 11. Nf4 Bf7 12. f3 g5 13. Nfe2 Bh5 14. fxe4 dxe4 15. Nxe4 Bg7 16. Nc5 Qc8 17. Qb3 b6 18.
Ne6 Bf7 19. Nxg7+ Kf8 20. Qa3 Kxg7 21. O-O Qd7 22. Nc3 Bc4 23. Bd2 Bxf1 24. Rxf1 Raf8 25. Ne2 h5 26. Bc3 Nd5 27. e4 Nxc3 28. bxc3 h4 29. Qc1 hxg3 30. Nxg3 Ne7 31. e5 Qg4 32. exf6+ Rxf6 33.
Rxf6 Kxf6 34. Qe3 Qf4 35. Ne4+ Kg7 36. Qe2 Qxh2+ 37. Kf1 Rf8+ 38. Ke1 Qh4+ 39. Kd2 Qf4+ 40. Qe3 Nf5 41. Qxf4 gxf4 42. Ng5 Kg6 43. Ne6 Rh8 44. Nxf4+ Kg5 45. Ne6+ Kg4 46. Be4 Rh2+ 47. Kd3 Nd6 48.
Bc6 Rxa2 49. c4 Ra3+ 50. Kc2 Kf5 51. Bd5 Kf6 52. Kb2 Rg3 53. Nd8 Nf5 54. Nc6 Rg4 55. Nxa7 Nxd4 56. Nc8 b5 57. cxb5 Nxb5 58. Nb6 Ke5 59.
Bc4 Nd6 60. Bb3 Kd4 61. Na4 Nb5 62. Kc2 Rg2+ 63. Kb1 Kd3 64. Nb2+ Kc3 65. Bd1 Rg1 66. Kc1 Nd4 67. Na4+ Kd3 68. Nc5+ Kc4 69. Na4 Kd3 70. Nb2+ Kc3 71. Na4+ Kb4 72. Nb2 Nb3+ 73. Kc2 Na1+ 74. Kb1 Nb3 75. Kc2 Nc5 76. Kc1 Ne4 77. Kc2 Kc5 78.
Nd3+ Kd4 79. Nb2 Rg2+ 80. Kb3 Rd2 81. Bc2 Nc5+ 82. Ka2 Rxc2 83. Kb1 Rh2 84. Ka2 Nd3 85. Ka3 Rxb2 0-1